 Dungeon Crawl Stone Soup version 0.18.1-8-gdd0e5ea (webtiles) character file.

754 deorigin the Basher (level 7, -1/121 HPs)
             Began as an Ogre Berserker on June 5, 2016.
             Was a Priest of Trog.
             Slain by an ogre
             ... wielding a +0 giant spiked club
              (13 damage)
             ... on level 5 of the Dungeon.
             The game lasted 00:06:46 (4653 turns).

deorigin the Basher (Ogre Berserker)                Turns: 4653, Time: 00:06:46

Health: -1/121     AC:  5    Str: 28    XL:     7   Next: 79%
Magic:  7/7        EV:  7    Int:  6    God:    Trog [***...]
Gold:   194        SH:  7    Dex: 11    Spells: 0 memorised, 6 levels left

rFire  . . .     SeeInvis .     m - +0 flail
rCold  + . .     Gourm    .     q - +2 robe {rC+}
rNeg   . . .     Faith    .     o - +0 shield
rPois  .         Spirit   .     (helmet restricted)
rElec  .         Dismiss  .     (no cloak)
rCorr  .         Reflect  .     (gloves unavailable)
SustAt .         Harm     .     (boots unavailable)
MR     .....                    (no amulet)
Stlth  ..........               (no ring)
                                (no ring)

@: berserking, very quick, not resistant to hostile enchantments, extremely
unstealthy
A: unfitting armour, tough skin 1
a: Berserk, Trog's Hand, Burn Spellbooks, Renounce Religion


You were on level 5 of the Dungeon.
You worshipped Trog.
Trog was most pleased with you.
You were not hungry.

You visited 1 branch of the dungeon, and saw 5 of its levels.

You collected 194 gold pieces.

Inventory:

Hand Weapons
 a - a +0 giant club
 m - a +0 flail (weapon)
Missiles
 s - 12 poisoned needles
Armour
 b - a +0 animal skin
 g - a +0 large shield
 o - a +0 shield (worn)
 q - a +2 robe of cold resistance (worn)
Jewellery
 l - an uncursed amulet of harm {unknown}
Wands
 y - a wand of digging (6/24)
Scrolls
 f - a scroll of blinking {unknown}
 h - 4 scrolls of teleportation {unknown}
 i - a scroll of recharging {unknown}
 k - 3 scrolls of identify {unknown}
 p - 4 scrolls of remove curse {unknown}
 w - a scroll of enchant weapon {unknown}
Potions
 d - 2 potions of curing {unknown}
 e - a potion of haste {unknown}
 j - 2 potions of brilliance {unknown}
 n - a potion of degeneration {unknown}
 u - a potion of lignification {unknown}
 v - a potion of mutation {unknown}
 z - a potion of flight {unknown}
Books
 r - Jessica's Guide on Beguiling
   (You found it on level 2 of the Dungeon)

   Spells                             Type                      Level
   a - Confusing Touch                Hexes                        2
   Trog disapproves of the use of such an item.
Comestibles
 c - 5 bread rations
 t - a chunk of flesh
 x - a beef jerky


   Skills:
 + Level 8.6 Fighting
 + Level 8.9 Maces & Flails
 - Level 2.6 Dodging


You had 6 spell levels left.
You didn't know any spells.

Dungeon Overview and Level Annotations

Branches:
Dungeon (5/15)
 Temple: D:4-7

Altars:
Nemelex Xobeh
Xom


Innate Abilities, Weirdness & Mutations

You are too large for most types of armour.
You have tough skin (AC +1).


Message History

The ogre is heavily wounded.
The ogre hits you with a giant spiked club!!
You barely miss the ogre.
The ogre is heavily wounded.
The ogre barely misses you.
You sock the ogre!
The ogre is severely wounded.
The ogre hits you with a giant spiked club!
* * * LOW HITPOINT WARNING * * *
You hit the ogre but do no damage.
The ogre is severely wounded.
A red film seems to cover your vision as you go berserk!
You feel yourself moving faster!
You feel mighty!
You feel somewhat more hungry.
The ogre hits you with a giant spiked club!!
* * * LOW HITPOINT WARNING * * *
You barely miss the ogre.
The ogre is severely wounded.
The ogre hits you with a giant spiked club!
You die...

############
#..........#
#..........#
########..........#
..................#
.....$............#
.(....O@..........#
..................#
..................#
###############'###
#######..#######
................
########..#####
##.# #.##


You could see an ogre.

Vanquished Creatures
  A phantom (D:3)
  An ogre (D:4)
  4 crimson imps
  An orc priest (D:3)
  2 hounds (D:4)
  Jessica (D:2)
  2 iguanas
  An orc wizard (D:4)
  4 worker ants (D:4)
  6 adders
  2 oozes
  6 worms
  A dart slug (D:1)
  2 giant geckos
  6 orcs
  3 giant cockroaches
  9 goblins
  5 hobgoblins
  7 jackals
  10 kobolds
  3 quokkas
  2 ball pythons (D:2)
  5 bats
  6 giant newts
  9 rats
99 creatures vanquished.

Notes
Turn   | Place    | Note
--------------------------------------------------------------
     0 | D:1      | deorigin the Ogre Berserker began the quest for the Orb.
     0 | D:1      | Reached XP level 1. HP: 24/24 MP: 1/1
    37 | D:1      | Reached XP level 2. HP: 19/33 MP: 2/2
   530 | D:1      | Reached XP level 3. HP: 40/40 MP: 3/3
   890 | D:2      | Reached ** piety under Trog
   893 | D:2      | Reached skill level 5 in Fighting
  1202 | D:2      | Reached skill level 5 in Maces & Flails
  1278 | D:2      | Reached XP level 4. HP: 45/50 MP: 4/4
  1412 | D:2      | Noticed Jessica
  1425 | D:2      | Killed Jessica
  1443 | D:2      | Identified Jessica's Guide on Beguiling
  1647 | D:3      | Noticed a phantom
  1937 | D:3      | Killed a phantom
  1937 | D:3      | Reached XP level 5. HP: 35/61 MP: 5/5
  2448 | D:3      | Reached XP level 6. HP: 63/68 MP: 6/6
  2820 | D:3      | Reached *** piety under Trog
  3577 | D:4      | Reached XP level 7. HP: 61/78 MP: 7/7
  3707 | D:4      | Found a shimmering altar of Xom.
  4465 | D:5      | Entered Level 5 of the Dungeon
  4606 | D:5      | Found a sparkling altar of Nemelex Xobeh.
  4653 | D:5      | Slain by an ogre

Skill      XL: |  1  2  3  4  5  6  7 |
---------------+----------------------+-----
Fighting       | 5 6 7 8 |  8.6
Maces & Flails | 5 6 7 8 |  8.9
Dodging        | |  2.6

Action                   |  1- 3 |  4- 6 |  7- 9 || total
-------------------------+-------+-------+-------++-------
Melee: Mace              |   110 |    63 |       ||   173
       Flail             |       |   141 |    74 ||   215
Invok: Trog's Hand       |       |     1 |       ||     1
       Berserk           |       |       |     1 ||     1
  Eat: Chunk             |     1 |     8 |     4 ||    13
Armor: Animal skin       |    31 |     6 |       ||    37
       Robe              |       |    51 |    13 ||    64
Dodge: Dodged            |    42 |    47 |    28 ||   117
Block: Large shield      |    63 |       |       ||    63
       Shield            |       |    74 |    10 ||    84
